 Dungeon Crawl Stone Soup version 0.31-a0-981-geadf994542 (webtiles) character file.

Game seed: 4903211607080190931

294 jasper the Slasher (level 6, -3/44 HPs)
             Began as a Demonspawn Reaver on Oct 31, 2023.
             Was a Believer of Fedhas.
             Slain by a gnoll
             ... wielding a +0 halberd
              (8 damage)
             ... on level 4 of the Dungeon.
             The game lasted 00:05:59 (3365 turns).

jasper the Slasher (Demonspawn Reaver)              Turns: 3365, Time: 00:05:59

Health: -3/44      AC:  5    Str: 13    XL:     6   Next: 11%
Magic:  9/9        EV: 11    Int: 14    God:    Fedhas [**....]
Gold:   124        SH:  0    Dex: 13    Spells: 5/9 levels left

rFire   . . .        a - +0 falchion
rCold   . . .        (no shield)
rNeg    . . .        b - +0 leather armour
rPois   .            o - +0 helmet
rElec   .            (no cloak)
rCorr   .            (no gloves)
SInv    +            (no boots)
Will    .....        (no amulet)
Stlth   +            j - ring of see invisible
HPRegen 0.27/turn    p - ring of flight
MPRegen 0.11/turn

%: no passive effects
@: flying
A: demonic guardian 1, sharp scales 1, wild magic 1
a: Renounce Religion, Wall of Briars


You were on level 4 of the Dungeon.
You worshipped Fedhas.
Fedhas was pleased with you.
You visited 1 branch of the dungeon, and saw 4 of its levels.

You collected 124 gold pieces.

Inventory:

Hand Weapons
 a - a +0 falchion (weapon)
 h - a +0 short sword
 k - a +3 dagger of flaming
Missiles
 i - 37 stones
Armour
 b - a +0 leather armour (worn)
 d - a +0 scale mail
 o - a +0 helmet (worn)
Jewellery
 j - a ring of see invisible (left hand)
 p - a ring of flight (right hand)
 s - a ring of wizardry
Talismans
 c - a flux talisman
Wands
 q - a wand of mindburst (7)
Scrolls
 l - 2 scrolls of teleportation
 r - a scroll of brand weapon {unknown}
Potions
 e - a potion of resistance
 g - 3 potions of brilliance


   Skills:
 - Level 2.0 Fighting
 + Level 6.3 Long Blades
 - Level 1.7 Dodging
 - Level 2.0 Spellcasting
 - Level 3.0 Conjurations


You had 5 spell levels left.
You knew the following spells:

 Your Spells              Type           Power      Damage    Failure   Level
a - Kiss of Death         Conj/Necr      28%        2d7       22%         1
b - Mephitic Cloud        Conj/Pois/Air  5%         N/A       61%         3

Your spell library contained the following spells:

 Spells                   Type           Power      Damage    Failure   Level
 Momentum Strike          Conj/Tloc      14%        3d8       32%         2
 Freeze                   Ice            4%         1d3       38%         1
 Poisonous Vapours        Pois/Air       2%         N/A       50%         2
 Hailstorm                Conj/Ice       7%         3d4       52%         3
 Frozen Ramparts          Ice            2%         1d1       73%         3
 Freezing Cloud           Conj/Ice/Air   2%         6-21      100%        5


Dungeon Overview and Level Annotations

Branches:
Dungeon (4/15)
 Temple: D:4-7

Altars:
Fedhas
Hepliaklqana

Shops:
D:2 (   D:4 =


Innate Abilities, Weirdness & Mutations

A weak demonic guardian rushes to your aid.
You are partially covered in razor-sharp scales. (AC +1, Slay +1)
Your spells are a little harder to cast, but a little more powerful.


Message History

* * * LOW HITPOINT WARNING * * *
You take 8 damage, and have 12/44 hp.
You slash the gnoll!
You kill the gnoll!
Fedhas appreciates your contribution to the ecosystem.
Things that are here:
a +0 halberd; a gnoll corpse A gnoll is nearby!
A gnoll is nearby!
A gnoll is nearby!
The gnoll hits you from afar with a +0 spear.
* * * LOW HITPOINT WARNING * * *
You take 3 damage, and have 11/44 hp.
The gnoll shouts!
The gnoll hits you with a +0 spear.
* * * LOW HITPOINT WARNING * * *
A demonic guardian appears!
You take 5 damage, and have 6/44 hp.
You hit the gnoll.
The gnoll is moderately wounded.
The gnoll hits you but does no damage.
Your white imp hits the gnoll.
Your white imp freezes the gnoll.
You barely miss the gnoll.
The gnoll is severely wounded.
The gnoll hits you with a +0 spear.
* * * LOW HITPOINT WARNING * * *
Your white imp gestures at the gnoll.
The puff of frost hits the gnoll!
The gnoll dies!
Fedhas appreciates your contribution to the ecosystem.
You take 3 damage, and have 4/44 hp.
Things that are here:
a +0 spear; a gnoll corpse Your white imp gestures at the gnoll.
The puff of frost hits the gnoll.
Your white imp hits the gnoll but does no damage.
The gnoll attacks as it pursues you!
The gnoll hits you from afar with a +0 halberd!
You die...
Fedhas appreciates your contribution to the ecosystem.

.#.#...## ##...#.#.#
##...##
.##.##..###..##.##.#
##...##
...#.#...#...#)#...#
##...##
#..##.##...##.##..##
##...##
.#...#.#...#.#.....###...##
.....##.###.##....).#...##
##.....#...#...####.....#
##..#..#...#..###.......##
#..o...#...#.##.@........#
#.###..#####.#....###....#
#.# ##...))...).g.#∩'...###
g.#
########.5...###.....###
.## #........)...#†..### ##
#............###...###
#...........## ##..... ###
##..........# #..... ..#
##........## #.....


You could see a gnoll (ally target) and a friendly white imp (summoned).

Vanquished Creatures
  A scorpion (D:4)
  2 gnoll boudas (D:4)
  An orc wizard (D:4)
  2 gnolls (D:4)
  2 adders (D:3)
  A worm (D:3)
  A dart slug (D:4)
  2 orcs
  10 bats
  9 endoplasms
  4 giant cockroaches
  4 goblins
  3 hobgoblins (D:2)
  6 jackals
  7 quokkas
  11 ball pythons
  3 frilled lizards
  7 kobolds
  11 rats
87 creatures vanquished.

Vanquished Creatures (collateral kills)
  A gnoll (D:4)
  A ball python (D:1)
  3 endoplasms
  2 hobgoblins
  A jackal (D:1)
  A bat (D:1)
9 creatures vanquished.

Grand Total: 96 creatures vanquished

Notes
Turn   | Place    | Note
-------+----------+-------------------------------------------
     0 | D:1      | jasper the Demonspawn Reaver began the quest for the Orb.
     0 | D:1      | Reached XP level 1. HP: 16/16 MP: 3/3
    38 | D:1      | Reached skill level 3 in Long Blades
    82 | D:1      | Gained mutation: A weak demonic guardian rushes to your
                  | aid. [demonic ancestry]
    82 | D:1      | Reached XP level 2. HP: 6/22 MP: 5/5
   584 | D:1      | Reached XP level 3. HP: 27/27 MP: 6/6
   729 | D:1      | Reached skill level 4 in Long Blades
  1387 | D:2      | Found Ixzed's Antique Weapon Shop.
  1508 | D:2      | Learned a level 3 spell: Mephitic Cloud
  1819 | D:2      | Found a hazy altar of Hepliaklqana.
  1825 | D:2      | Gained mutation: You are partially covered in razor-sharp
                  | scales. (AC +1, Slay +1) [demonic ancestry]
  1825 | D:2      | Reached XP level 4. HP: 30/33 MP: 7/7
  1843 | D:2      | Found a faded altar of an unknown god.
  1945 | D:2      | Prayed at the altar of an unknown god.
  1945 | D:2      | Became a worshipper of Fedhas Madash
  1945 | D:2      | Reached * piety under Fedhas
  2011 | D:3      | Identified the +0 leather armour of Makhleb's Approval
                  | {-Tele rC++ Regen+}
  2857 | D:4      | Noticed a scorpion
  2867 | D:4      | Killed a scorpion
  2868 | D:4      | Reached skill level 5 in Long Blades
  2868 | D:4      | Reached XP level 5. HP: 26/34 MP: 5/8
  2895 | D:4      | Noticed an ogre
  2977 | D:4      | Found Biurux's Jewellery Shoppe.
  2992 | D:4      | Reached ** piety under Fedhas
  3090 | D:4      | Reached skill level 6 in Long Blades
  3266 | D:4      | Gained mutation: Your spells are a little harder to cast,
                  | but a little more powerful. [potion of mutation]
  3274 | D:4      | Reached XP level 6. HP: 6/44 MP: 9/9
  3365 | D:4      | Slain by a gnoll

Illustrated notes

Levels and vault maps discovered:
D:1:      nzn_arrival_water_spiral, layout_loops_ring, minmay_stone_trees_small,
          minmay_tetromino_s2
D:2:      minmay_general_purpose_star, layout_loops_cross, serial_shops,
          nicolae_shop_dealshenge, ebering_ecumenical_altar_abandoned,
          basic_altar
D:3:      layout_loops_corners
D:4:      layout_cave_pods, serial_shops, nicolae_shop_tiny_glass,
          serial_bayou_pond_d, minmay_vboxes

Skill      XL: |  1  2  3  4  5 |
---------------+----------------+-----
Long Blades    | 3 4 5 6 |  6.3
Fighting       | |  2.0
Dodging        | |  1.7
Spellcasting   | |  2.0
Conjurations   | |  3.0

Action                     |  1- 3 |  4- 6 || total
---------------------------+-------+-------++-------
  Melee: Falchion          |   144 |    91 ||   235
         Punch             |       |     1 ||     1
   Cast: Kiss of Death     |       |     2 ||     2
  Evoke: Wand              |       |     4 ||     4
    Use: Scroll            |     4 |     4 ||     8
         Potion            |       |     3 ||     3
   Stab: Sleeping          |     1 |     2 ||     3
 Armour: Leather armour    |    98 |    66 ||   164
         Skin              |       |     6 ||     6
  Dodge: Dodged            |    92 |    39 ||   131

Table legend: (Time is in decaauts)
 A = Elapsed time spent in this place.
 B = Non-inter-level travel time spent in this place.
 C = Inter-level travel time spent in this place.
 D = Time resting spent in this place.
 E = Time spent auto-exploring this place.
 F = Levels seen in this place.
 G = Mean time per level.
                   A        B        C        D        E       F      G
               +--------+--------+--------+--------+--------+-----+--------+
         Total |   3376 |   3297 |     79 |    238 |   2224 |   4 |  844.0 |
       Dungeon |   3376 |   3297 |     79 |    238 |   2224 |   4 |  844.0 |
               +--------+--------+--------+--------+--------+-----+--------+

Top non-repeatable levels by time:
     D:1: 1030 daAuts
     D:3: 947 daAuts
     D:2: 944 daAuts
     D:4: 454 daAuts
